 Dungeon Crawl Stone Soup version 0.28-a0-1429-gf3d713df7a (webtiles) character file.

Game seed: 12562295706340819173

239 Shayle the Sneak (level 5, -7/41 HPs)
             Began as a Vampire Air Elementalist on Jan 8, 2022.
             Engulfed by a cloud of steam (14 damage)
             ... on level 4 of the Dungeon on Jan 9, 2022.
             The game lasted 00:08:49 (1996 turns).

Shayle the Sneak (Vampire Air Elementalist)         Turns: 1996, Time: 00:08:49

Health: -7/41      AC:  3    Str:  7    XL:     5   Next: 79%
Magic:  0/8        EV: 11    Int: 20    God:
Gold:   81         SH:  5    Dex: 14    Spells: 5/8 levels left

rFire   . . .      SeeInvis +   k - +0 rapier
rCold   . . .      Faith    .   (no shield)
rNeg    . . .      Spirit   .   c - +0 leather armour
rPois   .          Reflect  +   (no helmet)
rElec   .          Harm     .   (no cloak)
rCorr   .          Rampage  .   (no gloves)
Will    .....                   (no boots)
Stlth   +++.......              f - amulet of reflection
HPRegen 0.33/turn               (no ring)
MPRegen 0.11/turn               (no ring)

@: healing quickly
A: alive, fangs 3, see invisible, vampiric 2
a: Exsanguinate


You were on level 4 of the Dungeon.
You visited 1 branch of the dungeon, and saw 4 of its levels.

You collected 81 gold pieces.

Inventory:

Hand Weapons
 k - a +0 rapier (weapon)
Armour
 a - a +0 robe
 c - a +0 leather armour (worn)
 h - an orb of light
Jewellery
 f - an amulet of reflection (around neck)
 n - an amulet of the acrobat
Scrolls
 b - a scroll of summoning
 e - 2 scrolls of silence
 g - a scroll of teleportation {unknown}
 i - a scroll of identify
 m - a scroll of holy word {unknown}
Potions
 d - a potion of heal wounds
 j - a potion of magic {unknown}
 l - a potion of brilliance {unknown}


   Skills:
 + Level 3.5 Fighting
 - Level 2.1 Dodging
 - Level 5.0 Stealth
 - Level 2.0 Spellcasting
 - Level 0.6 Conjurations
 + Level 4.3 Air Magic


You had 5 spell levels left.
You knew the following spells:

 Your Spells              Type           Power      Damage    Failure   Level
a - Shock                 Conj/Air       44%        1d5       9%          1
b - Static Discharge      Conj/Air       11%        N/A       13%         2

Your spell library contained the following spells:

 Spells                   Type           Power      Damage    Failure   Level
 Swiftness                Air            19%        N/A       12%         3
 Airstrike                Air            9%         N/A       36%         4


Dungeon Overview and Level Annotations

Branches:
Dungeon (5/15)
 Temple: D:4-7

Altars:


Innate Abilities, Weirdness & Mutations

Your natural rate of healing is accelerated.
You have razor-sharp teeth.
You have supernaturally acute eyesight. (SInv)
You are afflicted with vampirism and can become a bat while bloodless.


Message History

Press: ? - help, Shift-Dir - straight line, f - steam dragon
Aim: a steam dragon (severely wounded, ally target, 68% to hit)
The zap hits the steam dragon.
The steam dragon is severely wounded.
Your ball python bites the steam dragon.
The steam dragon bites your ball python!
Your ball python dies!
Your ball python's corpse dissolves into shadows!
Your kobold closely misses the steam dragon.
The steam dragon hisses angrily.
Casting: Shock (safe; 11% risk of failure)
Confirm with . or Enter, or press ? or * to list all spells.
Aiming: Shock (safe; 11% risk of failure)
Press: ? - help, Shift-Dir - straight line, f/p - steam dragon
Aim: a steam dragon (almost dead, ally target, 68% to hit)
The zap hits the steam dragon.
The steam dragon is almost dead.
The steam dragon breathes steam at you. The ball of steam misses you.
Your kobold hits the steam dragon but does no damage.
Casting: Shock (safe; 11% risk of failure)
Confirm with . or Enter, or press ? or * to list all spells.
Aiming: Shock (safe; 11% risk of failure)
Press: ? - help, Shift-Dir - straight line, f/p - steam dragon
Aim: a steam dragon (almost dead, catching its breath, ally target, 68% to hit)
The zap hits the steam dragon but does no damage.
The steam dragon is almost dead.
You are engulfed in a cloud of scalding steam.
Your kobold throws a stone.
The stone hits the steam dragon but does no damage.
You hit the steam dragon.
You kill the steam dragon!
You are engulfed in a cloud of scalding steam.
* * * LOW HITPOINT WARNING * * *
Your Fighting skill increases to level 3!
Your Air Magic skill increases to level 4!
You have reached level 5!
You feel clever.
You are engulfed in a cloud of scalding steam.
You die...

#..#.# #########..
#..#.# #..........
#..#.####.#######..
##.........# ##.
#..)..###### ##
..o).#K### # ##.#
#§# # #§# #@# #.#
#.# #.# #.# #.# #.#
#.#


There were no monsters in sight!

Vanquished Creatures
  A steam dragon (D:4)
  An iguana (D:4)
  A hound skeleton (D:4)
  4 adders
  4 orcs (D:4)
  An endoplasm (D:1)
  A giant cockroach (D:1)
  4 goblins (D:1)
  4 hobgoblins
  3 jackals (D:4)
  4 kobolds
  A quokka (D:1)
  A ball python (D:2)
  7 bats (D:1)
  A frilled lizard (D:2)
38 creatures vanquished.

Vanquished Creatures (collateral kills)
  An orc (D:4)
1 creature vanquished.

Grand Total: 39 creatures vanquished

Notes
Turn   | Place    | Note
-------+----------+-------------------------------------------
     0 | D:1      | Shayle the Vampire Air Elementalist began the quest for the
                  | Orb.
     0 | D:1      | Reached XP level 1. HP: 13/13 MP: 3/3
   299 | D:1      | Reached skill level 1 in Fighting
   299 | D:1      | Reached XP level 2. HP: 21/21 MP: 3/5
   496 | D:1      | Reached skill level 4 in Stealth
   722 | D:1      | Learned a level 2 spell: Static Discharge
  1125 | D:2      | Gained mutation: You are afflicted with vampirism and can
                  | become a bat while bloodless. [Vampire growth]
  1125 | D:2      | Reached XP level 3. HP: 23/26 MP: 1/6
  1328 | D:2      | You fall into a shaft and drop 2 floors!
  1460 | D:4      | Reached skill level 5 in Stealth
  1493 | D:4      | Reached XP level 4. HP: 33/33 MP: 3/7
  1855 | D:5      | Entered Level 5 of the Dungeon
  1984 | D:4      | Noticed a steam dragon
  1984 | D:4      | an orc wizard changed into a steam dragon
  1995 | D:4      | Killed a steam dragon
  1996 | D:4      | Reached XP level 5. HP: 7/41 MP: 0/8
  1996 | D:4      | Engulfed by a cloud of steam

Illustrated notes

Levels and vault maps discovered:
D:1:      lightli_arrival_statuegarden, layout_basic
D:2:      layout_loops_cross, minmay_door_square
D:4:      layout_loops_ring, minmay_hollow_rounded_squares
D:5:      layout_loops_ring, minmay_temple_entry_mist,
          chequers_serial_rivers_small_3, minmay_misc_feat_secret_circle

Skill      XL: |  1  2  3  4 |
---------------+-------------+-----
Fighting       | 1 2 3 |  3.5
Stealth        | 4 5 |  5.0
Air Magic      | 4 |  4.3
Dodging        | |  2.1
Spellcasting   | |  2.0
Conjurations   | |  0.6

Action                   |  1- 3 |  4- 6 || total
-------------------------+-------+-------++-------
Melee: Unarmed           |    68 |       ||    68
       Bite              |     8 |     2 ||    10
       Rapier            |    14 |    32 ||    46
 Cast: Shock             |    47 |    25 ||    72
       Static Discharge  |       |     2 ||     2
  Use: Scroll            |       |     3 ||     3
       Potion            |       |     1 ||     1
Armor: Robe              |     5 |       ||     5
       Leather armour    |    26 |     5 ||    31
Dodge: Dodged            |    64 |    26 ||    90
Block: Other             |    14 |    11 ||    25

Table legend: (Time is in decaauts)
 A = Elapsed time spent in this place.
 B = Non-inter-level travel time spent in this place.
 C = Inter-level travel time spent in this place.
 D = Time resting spent in this place.
 E = Time spent auto-exploring this place.
 F = Levels seen in this place.
 G = Mean time per level.
                   A        B        C        D        E       F      G
               +--------+--------+--------+--------+--------+-----+--------+
         Total |   2005 |   1977 |     28 |    574 |    844 |   4 |  501.2 |
       Dungeon |   2005 |   1977 |     28 |    574 |    844 |   4 |  501.2 |
               +--------+--------+--------+--------+--------+-----+--------+

Top non-repeatable levels by time:
     D:1: 970 daAuts
     D:4: 668 daAuts
     D:2: 358 daAuts
     D:5: 8 daAuts
